 Dungeon Crawl Stone Soup version 0.17.0-15-g6d90897 (webtiles) character file.

14529 MDvedh the Bludgeoner (level 11, -5/94 HPs)
             Began as a Minotaur Enchanter on Nov 10, 2015.
             Was an Elder of Okawaru.
             Slain by a catoblepas (21 damage)
             ... on level 3 of the Lair of Beasts.
             The game lasted 00:26:09 (14690 turns).

MDvedh the Bludgeoner (Minotaur Enchanter)         Turns: 14690, Time: 00:26:10

Health: -5/94      AC: 19    Str: 19    XL:     11   Next: 89%
Magic:  16/16      EV: 10    Int: 12    God:    Okawaru [****..]
Gold:   774        SH: 12    Dex: 11    Spells: 0 memorised, 12 levels left

rFire  + + .     SeeInvis .     B - +0 morningstar
rCold  . . .     Clarity  .     K - +4 chain mail
rNeg   . . .     SustAt   .     w - +0 shield
rPois  .         Gourm    .     (helmet restricted)
rElec  .         Spirit   .     y - +0 cloak
rCorr  +         Warding  .     o - +0 pair of gloves
rMut   .         Stasis   .     (no boots)
MR     .....                    t - amulet of resist corrosion
Stlth  ..........               l - +3 ring of strength
                                L - ring of protection from fire

@: heroism, not resistant to hostile enchantments, extremely unstealthy
A: retaliatory headbutt, hooves 1, horns 2, fire resistance 1, sense
surroundings 1
a: Heroism, Renounce Religion


You were on level 3 of the Lair of Beasts.
You worshipped Okawaru.
Okawaru was greatly pleased with you.
You were hungry.

You visited 2 branches of the dungeon, and saw 13 of its levels.

You collected 819 gold pieces.
You spent 45 gold pieces at shops.

Inventory:

Hand Weapons
 B - a +0 morningstar (weapon)
Armour
 g - a pearl dragon hide
 o - a +0 pair of gloves (worn)
 w - a +0 shield (worn)
 y - a +0 cloak (worn)
 K - a +4 chain mail (worn)
Jewellery
 l - a +3 ring of strength (right hand)
 n - an uncursed ring of positive energy
 q - an uncursed ring of stealth {unknown}
 t - an amulet of resist corrosion (around neck)
 I - an uncursed ring of teleportation
 L - a ring of protection from fire (left hand)
Wands
 F - a wand of disintegration (9)
 J - a wand of teleportation (2)
Scrolls
 a - 4 scrolls of remove curse
 r - a scroll of enchant weapon
 s - 2 scrolls of magic mapping
 v - a scroll of fog
 C - 3 scrolls of teleportation
Potions
 b - a potion of agility {unknown}
 c - 2 potions of brilliance
 e - a potion of invisibility
 h - a potion of ambrosia
 i - a potion of cure mutation {unknown}
 j - 4 potions of curing
 k - 4 potions of haste
 m - 6 potions of magic
 x - 2 potions of flight
 z - 3 potions of cancellation
 A - a potion of resistance
Comestibles
 d - 14 bread rations
 f - 6 chunks of flesh
 p - 6 meat rations
 E - a fruit


   Skills:
 + Level 7.8(12.8) Fighting
   Level 1.1(6.1) Short Blades
 + Level 16.0(21.0) Maces & Flails
 + Level 7.6(12.6) Armour
 - Level 2.1(7.1) Dodging
 - Level 2.4(7.4) Stealth
 * Level 5.5(10.5) Shields
 - Level 1.3 Spellcasting
   Level 2.0 Hexes
 - Level 8.1 Invocations


You had 12 spell levels left.
You didn't know any spells.

Dungeon Overview and Level Annotations

Branches:
Dungeon (10/15)            Temple (0/1) D:6            Lair (3/8) D:10
    Orc (0/4) D:9
  Swamp: Lair:3-6    Shoals: Lair:3-6     Snake: Lair:3-6    Spider: Lair:3-6

Altars:
Ashenzari
Dithmenos
Elyvilon
Fedhas
Gozag
Makhleb
Nemelex Xobeh
Okawaru
Qazlal
Trog
Vehumet
Xom
Zin
The Shining One

Shops:
D:4 %}   D:9 !(


Innate Abilities, Weirdness & Mutations

You reflexively headbutt those who attack you in melee.
You have a pair of horns on your head.
You have large cloven feet.
Your flesh is heat resistant.
You passively map a small area around you.


Message History

The catoblepas gores you!
You bludgeon the catoblepas!!
You kick the catoblepas, but do no damage.
The catoblepas is severely wounded.
You hit the catoblepas but do no damage.
You kick the catoblepas, but do no damage.
Your headbutt misses the catoblepas.
The catoblepas is severely wounded.
The catoblepas breathes a plume of calcifying dust at you.
The blast of calcifying dust hits you! The catoblepas gores you!
* * * LOW HITPOINT WARNING * * *
Unknown command.
You puncture the catoblepas!
You headbutt the catoblepas, but do no damage.
The catoblepas is almost dead.
The catoblepas breathes a plume of calcifying dust at you.
The blast of calcifying dust hits you! The catoblepas gores you!!
You die...

#..##.#####.P#...................
##.,### ####....###...#........
#. * #P....####........... , ,
,##....##....#.......# , , ,
##.....#P..........##. ,
*......##...##.....#.. ,
##....##...#......÷.. *
##....##P...#.....P#. * **
*#.$.@.##.P..#.....##.
###.#§§§Y#.+.###......##
........§...............
........§...............
,,........§...............
........§............... ,
........§............... ,
........§............##.
##.....##.#.####......##


You could see a catoblepas.

Vanquished Creatures
  Snorg (Lair:3)
  2 hydras (Lair:3)
  Urug (D:10)
  Pikel (D:8)
  3 spiny frogs
  A komodo dragon (Lair:2)
  A fire drake (Lair:1)
  A troll (D:9)
  Grinder (D:3)
  4 blink frogs (Lair:1)
  3 wyverns
  A spriggan (D:7)
  7 yaks
  A steam dragon (D:8)
  A deep elf mage (D:10)
  5 hippogriffs
  Menkaure (D:6)
  Edmund (D:6)
  7 porcupines
  4 sky beasts
  A necrophage (D:9)
  2 phantoms
  A slave (D:8)
  3 centaurs
  2 ice beasts
  An orc warrior (D:7)
  3 wasps
  2 ogres
  5 crocodiles
  3 big kobolds
  Blork the orc (D:6)
  8 giant frogs
  4 scorpions
  4 killer bees
  A giant frog zombie (D:10)
  A centaur skeleton (D:6)
  3 crimson imps
  3 centaur zombies
  2 jellies
  3 orc wizards
  Crazy Yiuf (D:6)
  9 hounds
  2 giant frog skeletons
  8 iguanas
  7 orc priests
  Jessica (D:3)
  4 worker ants
  6 sheep (Lair:2)
  A hound skeleton (D:7)
  Robin (D:3)
  11 adders
  47 river rats
  A worker ant zombie (D:10)
  4 gnolls (D:6)
  4 shadow imps
  An ooze (D:2)
  4 adder skeletons
  2 worms (D:3)
  2 giant geckos
  37 orcs
  10 giant cockroaches
  13 goblins
  14 hobgoblins
  11 jackals
  3 quokkas
  7 bats
  2 giant gecko skeletons
  5 giant newts
  18 kobolds
  7 rats
343 creatures vanquished.

Vanquished Creatures (others)
  A slave (D:9)
  A giant frog (D:9)
  An orc priest (D:9)
  An adder (D:9)
  3 orcs (D:9)
  3 fungi
10 creatures vanquished.

Grand Total: 353 creatures vanquished

Notes
Turn   | Place    | Note
--------------------------------------------------------------
     0 | D:1      | MDvedh the Minotaur Enchanter began the quest for the Orb.
     0 | D:1      | Reached XP level 1. HP: 14/14 MP: 1/1
    85 | D:1      | Reached skill level 1 in Fighting
   205 | D:1      | Reached XP level 2. HP: 22/24 MP: 3/3
   550 | D:1      | Reached skill level 1 in Maces & Flails
  1051 | D:2      | Reached XP level 3. HP: 25/29 MP: 4/4
  1349 | D:2      | Found a stormy altar of Qazlal.
  1491 | D:2      | Gained mutation: Scrolls take you a little longer to read. [potion of mutation]
  1491 | D:2      | Gained mutation: Your flesh is heat resistant. [potion of mutation]
  1556 | D:2      | Found a shattered altar of Ashenzari.
  1572 | D:2      | Reached skill level 3 in Maces & Flails
  1975 | D:3      | Reached XP level 4. HP: 11/36 MP: 5/5
  2279 | D:3      | Reached skill level 4 in Maces & Flails
  2364 | D:3      | Noticed Grinder
  2383 | D:3      | Paralysed by Grinder for 5 turns
  2395 | D:3      | Killed Grinder
  2395 | D:3      | Reached skill level 6 in Maces & Flails
  2395 | D:3      | Reached XP level 5. HP: 41/41 MP: 6/6
  2395 | D:3      | Reached XP level 6. HP: 48/48 MP: 7/7
  2437 | D:3      | Found a glowing silver altar of Zin.
  2438 | D:3      | Found a glowing golden altar of the Shining One.
  2585 | D:3      | Reached skill level 7 in Maces & Flails
  2764 | D:3      | Noticed Jessica
  2768 | D:3      | Killed Jessica
  2929 | D:3      | Noticed Robin
  2936 | D:3      | Killed Robin
  3139 | D:4      | Found Mumez's Gadget Emporium.
  3212 | D:4      | Found a bloodstained altar of Trog.
  3634 | D:4      | Found a blossoming altar of Fedhas.
  3634 | D:4      | Found an iron altar of Okawaru.
  3808 | D:4      | Reached skill level 8 in Maces & Flails
  3808 | D:4      | Reached XP level 7. HP: 40/55 MP: 8/8
  3918 | D:4      | Became a worshipper of Warmaster Okawaru
  4126 | D:4      | Found Foklaec's Food Shop.
  4474 | D:5      | Entered Level 5 of the Dungeon
  4603 | D:5      | Reached skill level 9 in Maces & Flails
  4759 | D:5      | Reached * piety under Okawaru
  4759 | D:5      | Reached skill level 10 in Maces & Flails
  4918 | D:5      | Gained mutation: You have large cloven feet. [potion of mutation]
  4918 | D:5      | Lost mutation: Scrolls take you a little longer to read. [potion of mutation]
  4918 | D:5      | Gained mutation: Your body sometimes deteriorates upon taking damage. [potion of mutation]
  5404 | D:5      | Reached XP level 8. HP: 35/61 MP: 9/9
  5583 | D:6      | Reached skill level 11 in Maces & Flails
  5699 | D:6      | Noticed Blork the orc
  5711 | D:6      | Killed Blork the orc
  5731 | D:6      | Found a staircase to the Ecumenical Temple.
  5777 | D:6      | Noticed Menkaure
  5788 | D:6      | Killed Menkaure
  5841 | D:6      | Reached skill level 12 in Maces & Flails
  5845 | D:6      | Gained mutation: You passively map a small area around you. [mutagenic meat]
  5846 | D:6      | Lost mutation: Your body sometimes deteriorates upon taking damage. [mutagenic meat]
  5847 | D:6      | Gained mutation: You can spit weak poison. [mutagenic meat]
  5848 | D:6      | Lost mutation: You can spit weak poison. [mutagenic meat]
  6195 | D:6      | Noticed Edmund
  6208 | D:6      | Killed Edmund
  6208 | D:6      | Reached ** piety under Okawaru
  6803 | D:6      | Noticed Crazy Yiuf
  6813 | D:6      | Killed Crazy Yiuf
  7013 | D:6      | Reached skill level 13 in Maces & Flails
  7340 | D:7      | Reached XP level 9. HP: 52/68 MP: 7/10
  7363 | D:7      | Reached skill level 1 in Armour
  7448 | D:7      | Found a radiant altar of Vehumet.
  7669 | D:7      | Found a shadowy altar of Dithmenos.
  7837 | D:7      | Found a sparkling altar of Nemelex Xobeh.
  8111 | D:7      | Reached *** piety under Okawaru
  8353 | D:8      | Found a white marble altar of Elyvilon.
  8381 | D:8      | Paralysed by a wasp for 2 turns
  8755 | D:8      | Reached skill level 5 in Fighting
  9140 | D:8      | Reached skill level 5 in Armour
  9203 | D:8      | Reached **** piety under Okawaru
  9203 | D:8      | Reached skill level 14 in Maces & Flails
  9392 | D:9      | Found Neniek's Distillery.
  9409 | D:9      | Bought a potion of lignification for 45 gold pieces
  9419 | D:9      | Found an opulent altar of Gozag.
  9583 | D:9      | Noticed Pikel
  9604 | D:8      | Reached XP level 10. HP: 64/83 MP: 8/11
  9614 | D:8      | Killed Pikel
  9614 | D:8      | Reached skill level 1 in Shields
  9868 | D:9      | Found Veno's Weapon Emporium.
  9884 | D:9      | Found a staircase to the Orcish Mines.
 10066 | D:9      | Reached ***** piety under Okawaru
 10090 | D:9      | Found a shimmering altar of Xom.
 10269 | D:9      | Found a burning altar of Makhleb.
 10321 | D:10     | Entered Level 10 of the Dungeon
 10395 | D:10     | Reached skill level 1 in Invocations
 10428 | D:10     | Found a blossoming altar of Fedhas.
 10689 | D:10     | Found a staircase to the Lair.
 10758 | D:10     | Noticed Urug
 10775 | D:10     | Killed Urug
 11084 | Lair:1   | Entered Level 1 of the Lair of Beasts
 11234 | Lair:1   | Reached skill level 15 in Maces & Flails
 11350 | Lair:1   | You fall through a shaft!
 11380 | Lair:1   | Reached XP level 11. HP: 76/91 MP: 13/13
 11390 | Lair:1   | Received a gift from Okawaru
 11390 | Lair:1   | Reached skill level 5 in Invocations
 11399 | Lair:1   | Got an ancient plate armour {god gift}
 11410 | Lair:1   | Identified the +1 plate armour of Wiqaxoi {Int+3} (Okawaru gifted it to you on level 1 of the Lair of Beasts)
 13665 | Lair:3   | Noticed a five-headed hydra
 13680 | Lair:3   | Killed a five-headed hydra
 14187 | Lair:3   | Noticed a catoblepas
 14363 | Lair:3   | Noticed a five-headed hydra
 14379 | Lair:3   | Killed a five-headed hydra
 14382 | Lair:3   | Reached skill level 5 in Shields
 14438 | Lair:3   | Noticed Snorg
 14454 | Lair:3   | Killed Snorg
 14454 | Lair:3   | Reached skill level 16 in Maces & Flails
 14690 | Lair:3   | Slain by a catoblepas

Action                   |  1- 3 |  4- 6 |  7- 9 | 10-12 || total
-------------------------+-------+-------+-------+-------++-------
Melee: Dagger            |    24 |       |       |       ||    24
       Mace              |   121 |    88 |       |       ||   209
       Flail             |       |    19 |   278 |       ||   297
       Morningstar       |       |       |   235 |   574 ||   809
Invok: Heroism           |       |       |     2 |     7 ||     9
       Finesse           |       |       |       |     2 ||     2
  Use: Scroll            |     7 |     4 |    13 |     8 ||    32
       Potion            |     1 |     2 |     2 |     2 ||     7
  Eat: Chunk             |     3 |     4 |    15 |     8 ||    30
       Pizza             |       |     1 |       |       ||     1
       Meat ration       |       |     1 |       |       ||     1
       Fruit             |       |       |     4 |     4 ||     8
       Bread ration      |       |       |       |     1 ||     1
       Beef jerky        |       |       |       |     1 ||     1
